 Dungeon Sprint DCSS version 0.19.0-9-gfd783f2 (webtiles) character file.

172 LORDOFBUTT the Jinx (level 5, -3/23 (24) HPs)
             Began as a Spriggan Enchanter on Nov 7, 2016.
             Slain by a necrophage (4 damage)
             ... in the Dungeon (Sprint II: "The Violet Keep of Menkaure").
             The game lasted 00:00:23 (35 turns).

LORDOFBUTT the Jinx (Spriggan Enchanter)              Turns: 35, Time: 00:00:24

HP:   -3/23 (24)    AC:  3    Str:  5    XL:     5   Next: 27%
MP:   8/17          EV: 18    Int: 17    God:
Gold: 0             SH:  0    Dex: 16    Spells: 1 memorised, 20 levels left

rFire  . . .     SeeInvis +     a - +1 dagger
rCold  . . .     Gourm    .     b - +1 robe
rNeg   . . .     Faith    .     (shield restricted)
rPois  .         Spirit   .     (helmet restricted)
rElec  .         Reflect  .     (no cloak)
rCorr  .         Harm     .     (gloves unavailable)
MR     .....     NoTele   +     (boots unavailable)
Stlth  ++++......               (no amulet)
                                (no ring)
                                (no ring)

@: exhausted, non-regenerating, diseased, slowed, quick
A: unfitting armour, see invisible, herbivore 3, speed 3, slow metabolism 2
a: no special abilities


You were in the Dungeon.
You were not hungry.

You visited 1 branch

Inventory:

Hand Weapons
 a - a +1 dagger (weapon)
Armour
 b - a +1 robe (worn)
Scrolls
 j - a scroll of blinking
Potions
 e - a potion of curing
 f - a potion of heal wounds
 g - a potion of haste
 h - 2 potions of magic
Books
 c - a book of Maledictions

   Spells                             Type                      Level
   a - Corona                         Hexes                        1
   b - Ensorcelled Hibernation        Hexes/Ice                    2
   c - Confuse                        Hexes                        3
   d - Tukima's Dance                 Hexes                        3
   e - Dazzling Spray                 Conjuration/Hexes            3
Comestibles
 d - a bread ration


   Skills:
 - Level 1.1 Short Blades
 - Level 3.0 Dodging
 + Level 8.8 Stealth
 * Level 8.5 Spellcasting
 * Level 9.0 Hexes


You had 20 spell levels left.
You knew the following spells:

 Your Spells              Type           Power        Failure   Level  Hunger
a - Corona                Hex            #####..      1%          1    None


Dungeon Overview and Level Annotations

Branches:
Dungeon (1/1)

Altars:


Innate Abilities, Weirdness & Mutations

You are very small and have problems with some larger weapons.
You are too small for most types of armour.
You have supernaturally acute eyesight. (SInv)
You are a herbivore.
You cover ground extremely quickly.
You need consume almost no food.


Message History

* * * LOW HITPOINT WARNING * * *
You are too injured to fight recklessly!
You are too injured to fight recklessly!
You are too injured to fight recklessly!
You hit the necrophage.
The necrophage is almost destroyed.
The necrophage hits you but does no damage.
You hit the necrophage.
The necrophage is almost destroyed.
The necrophage hits you.
* * * LOW HITPOINT WARNING * * *
You feel ill.
You feel your flesh rotting away!
You hit the necrophage.
The necrophage is almost destroyed.
The necrophage hits you but does no damage.
The necrophage barely misses you.
You barely miss the necrophage.
The necrophage is almost destroyed.
The necrophage hits you.
You die...

# #+#
#.a###.##
#$+.<.+
#.a###@##
# #n# .#n
.. .. ##.
.## ## ##


You could see 2 necrophages.

Vanquished Creatures
  2 necrophages (D)
2 creatures vanquished.

Notes
Turn   | Place    | Note
-------+----------+-------------------------------------------
     0 | D        | LORDOFBUTT the Spriggan Enchanter began the quest for the Orb.
     0 | D        | Reached XP level 1. HP: 9/9 MP: 5/5
     1 | D        | Noticed a worker ant
     1 | D        | Noticed a worker ant
     5 | D        | Noticed a necrophage
     5 | D        | Noticed a necrophage
     5 | D        | Noticed a necrophage
     5 | D        | Noticed a necrophage
    17 | D        | Killed a necrophage
    17 | D        | Reached skill level 7 in Hexes
    17 | D        | Reached XP level 2. HP: 10/13 MP: 5/10
    17 | D        | Reached XP level 3. HP: 13/16 MP: 6/12
    17 | D        | Reached XP level 4. HP: 17/21 MP: 6/13
    27 | D        | Killed a necrophage
    27 | D        | Reached skill level 9 in Hexes
    27 | D        | Reached XP level 5. HP: 13/24 MP: 6/17
    33 | D        | HP: 1/24 [necrophage (3)]
    35 | D        | Slain by a necrophage

Skill      XL: |  1  2  3  4 |
---------------+-------------+-----
Stealth        | 7 8 |  8.8
Spellcasting   | 6 8 |  8.5
Hexes          | 7 9 |  9.0
Short Blades   | |  1.1
Dodging        | |  3.0

Action                   |  1- 3 |  4- 6 || total
-------------------------+-------+-------++-------
Melee: Dagger            |     8 |    18 ||    26
  Use: Potion            |     1 |       ||     1
Armor: Robe              |     1 |     2 ||     3
Dodge: Dodged            |     3 |     8 ||    11
